 Dungeon Crawl Stone Soup version 0.31-a0-177-g4aa6249778 (webtiles) character file.

Game seed: 3058577994692344261

390 qw the Chopper (level 6, -8/38 HPs)
             Began as a Gargoyle Fighter on June 18, 2023.
             Mangled by Edmund
             ... wielding a +1 heavy flail
              (9 damage)
             ... on level 4 of the Dungeon.
             The game lasted 00:01:54 (2550 turns).

qw the Chopper (Gargoyle Fighter)                   Turns: 2550, Time: 00:01:54

Health: -8/38      AC: 16    Str: 22    XL:     6   Next: 80%
Magic:  6/6        EV:  7    Int:  8    God:
Gold:   97         SH:  8    Dex:  9    Spells: 5/5 levels left

rFire   . . .        Y - +0 war axe
rCold   + . .        g - +0 kite shield
rNeg    + . .        a - +2 chain mail {rC+}
rPois   inf          j - +0 helmet
rElec   +            (no cloak)
rCorr   .            (no gloves)
SInv    .            (no boots)
Will    .....        (no amulet) Stlth
                     (no ring)
HPRegen 0.26/turn    (no ring)
MPRegen 0.10/turn

%: no passive effects
@: no status effects
A: sickness immunity, AC +4, negative energy resistance 1, electricity
resistance, torment resistance 1, petrification resistance
a: no special abilities


You were on level 4 of the Dungeon.
You visited 1 branch of the dungeon, and saw 4 of its levels.

You collected 157 gold pieces.
You spent 60 gold pieces at shops.


Innate Abilities, Weirdness & Mutations

You are immune to sickness and miasma.
Your stone body is resilient. (AC +4)
You are immune to poison.
You resist negative energy. (rN+)
You are resistant to electric shocks. (rElec)
You are resistant to unholy torment.
You are immune to petrification.


   Skills:
 - Level 4.1 Fighting
 - Level 5.1 Axes
 - Level 3.2 Armour
 + Level 5.0 Shields


You had 5 spell levels left.
You didn't know any spells.
Your spell library was empty.

Inventory:

Hand Weapons
 b - a +0 flail
 Y - a +0 war axe (weapon)
Armour
 a - a +2 chain mail of cold resistance (worn)
 g - a +0 kite shield (worn)
 j - a +0 helmet (worn)
 l - a +0 plate armour
Scrolls
 f - a scroll of identify
Potions
 c - a potion of magic {unknown}
 d - 2 potions of might
 e - a potion of mutation {unknown}
 h - a potion of curing

Dungeon Overview and Level Annotations

Branches:
Dungeon (4/15)
 Temple: D:4-7

Altars:
Gozag
Xom

Shops:
D:3 *

Annotations:
D:4 Edmund


Message History

You hit Edmund.
Edmund is heavily wounded.
Edmund hits you with a +1 heavy flail.
You slash Edmund!
Edmund is severely wounded.
You block Edmund's attack.
You barely miss Edmund.
Edmund is severely wounded.
Edmund hits you but does no damage.
You hit Edmund.
Edmund is severely wounded.
You barely miss Edmund.
Edmund is severely wounded.
Edmund hits you with a +1 heavy flail!
You hit Edmund but do no damage.
Edmund is severely wounded.
Edmund hits you but does no damage.
You hit Edmund.
Edmund is severely wounded.
Edmund hits you with a +1 heavy flail!
You hit Edmund but do no damage.
Edmund is severely wounded.
Edmund says, "I'm quite good with sums, too."
Edmund hits you with a +1 heavy flail.
You closely miss Edmund.
Edmund is severely wounded.
You block Edmund's attack.
You hit Edmund but do no damage.
Edmund is severely wounded.
Edmund hits you but does no damage.
You barely miss Edmund.
Edmund is severely wounded.
Edmund hits you but does no damage.
You closely miss Edmund.
Edmund is severely wounded.
Edmund hits you with a +1 heavy flail.
You hit Edmund but do no damage.
Edmund is severely wounded.
Edmund hits you with a +1 heavy flail!
You die...

#.#.##..#.####....
...................#
#.#............##..#
....................
#..###..#.###...¤
##..###..#.###.~~¤
...............~.¤
##..###..#.###.~.~ #
#@@#.#
........[.....¤
##.#####.#>###¤
#.### ... .## .# .#


You could see Edmund.

Vanquished Creatures
  3 crimson imps (D:3)
  An orc priest (D:4)
  Jessica (D:2)
  Ijyb (D:3)
  Terence (D:3)
  2 orc wizards
  4 adders
  3 dart slugs
  11 orcs
  9 ball pythons
  6 bats
  6 endoplasms
  4 giant cockroaches
  5 goblins
  6 hobgoblins
  4 quokkas
  7 frilled lizards
  7 kobolds
  7 rats
88 creatures vanquished.

Notes
Turn   | Place    | Note
-------+----------+-------------------------------------------
     0 | D:1      | qw the Gargoyle Fighter began the quest for the Orb.
     0 | D:1      | Reached XP level 1. HP: 14/14 MP: 1/1
     0 | D:1      | 0 ||| qw: Version: 0.3-a-5-g6f28e65
     0 | D:1      | 0 ||| qw: Game counter: 539
     0 | D:1      | 0 ||| qw: Always use a shield: true
     0 | D:1      | 0 ||| qw: God list: Okawaru
     0 | D:1      | 0 ||| qw: Allow faded altars: false
     0 | D:1      | 0 ||| qw: Do Orc after D:15 true
     0 | D:1      | 0 ||| qw: Do second Lair branch before Depths: true
     0 | D:1      | 0 ||| qw: Lair rune preference: random
     0 | D:1      | 0 ||| qw: Plans: Normal, Zot:1-4, Slime:5, God:TSO, Crypt,
                  | Tomb, Abyss, Pan, Hells, Win
     0 | D:1      | 0 ||| PLANNING D:1-11
   143 | D:1      | 143 ||| FLEEEEING.
   144 | D:1      | 144 ||| FLEEEEING.
   157 | D:1      | Reached XP level 2. HP: 14/19 MP: 2/2
   202 | D:1      | 202 ||| FLEEEEING.
   203 | D:1      | 203 ||| FLEEEEING.
   204 | D:1      | 204 ||| FLEEEEING.
   205 | D:1      | 205 ||| FLEEEEING.
   206 | D:1      | 206 ||| FLEEEEING.
   207 | D:1      | 207 ||| FLEEEEING.
   223 | D:1      | 223 ||| Stepping ~*~*~tactically~*~*~ (hiding).
   224 | D:1      | 224 ||| Stepping ~*~*~tactically~*~*~ (hiding).
   460 | D:1      | Reached skill level 3 in Axes
   545 | D:1      | Reached XP level 3. HP: 21/23 MP: 3/3
   900 | D:1      | Found a faded altar of an unknown god.
   917 | D:1      | 917 ||| UPGRADING to +0 kite shield.
   927 | D:1      | 927 ||| DROPPING +0 buckler.
   928 | D:1      | 928 ||| UPGRADING to +0 helmet.
   933 | D:1      | 933 ||| DROPPING ring of flight.
   934 | D:1      | 934 ||| READING scroll labelled HEJUID CIULAR.
   935 | D:1      | 935 ||| READING scroll labelled CIGIDGH XEITRE.
   936 | D:1      | 936 ||| READING scroll labelled BOPPAJ KIROYGH.
  1016 | D:2      | 1016 ||| Stepping ~*~*~tactically~*~*~ (hiding).
  1017 | D:2      | 1017 ||| Stepping ~*~*~tactically~*~*~ (hiding).
  1027 | D:2      | 1027 ||| FLEEEEING.
  1028 | D:2      | 1028 ||| FLEEEEING.
  1029 | D:2      | 1029 ||| FLEEEEING.
  1030 | D:2      | 1030 ||| FLEEEEING.
  1031 | D:2      | 1031 ||| FLEEEEING.
  1032 | D:2      | 1032 ||| FLEEEEING.
  1033 | D:2      | 1033 ||| FLEEEEING.
  1034 | D:2      | 1034 ||| STAIRDANCE
  1083 | D:2      | 1083 ||| Stepping ~*~*~tactically~*~*~ (stealth).
  1084 | D:2      | 1084 ||| Stepping ~*~*~tactically~*~*~ (stealth).
  1111 | D:2      | 1111 ||| Stepping ~*~*~tactically~*~*~ (hiding).
  1112 | D:2      | 1112 ||| Stepping ~*~*~tactically~*~*~ (hiding).
  1170 | D:2      | 1170 ||| Stepping ~*~*~tactically~*~*~ (stealth).
  1189 | D:2      | 1189 ||| Stepping ~*~*~tactically~*~*~ (stealth).
  1255 | D:2      | Reached XP level 4. HP: 28/28 MP: 4/4
  1438 | D:2      | Noticed Jessica
  1439 | D:2      | 1439 ||| Stepping ~*~*~tactically~*~*~ (hiding).
  1450 | D:2      | Killed Jessica
  1569 | D:2      | 1569 ||| UPGRADING to +2 chain mail of cold resistance.
  1579 | D:2      | 1579 ||| DROPPING +0 scale mail.
  1611 | D:3      | Noticed Ijyb
  1612 | D:3      | 1612 ||| Stepping ~*~*~tactically~*~*~ (hiding).
  1613 | D:3      | 1613 ||| Stepping ~*~*~tactically~*~*~ (hiding).
  1624 | D:3      | Killed Ijyb
  1625 | D:3      | Reached XP level 5. HP: 30/32 MP: 5/5
  1644 | D:3      | 1644 ||| FLEEEEING.
  1645 | D:3      | 1645 ||| FLEEEEING.
  1646 | D:3      | 1646 ||| FLEEEEING.
  1647 | D:3      | 1647 ||| FLEEEEING.
  1648 | D:3      | 1648 ||| FLEEEEING.
  1666 | D:3      | 1666 ||| DROPPING +0 club.
  1681 | D:3      | 1681 ||| Stepping ~*~*~tactically~*~*~ (stealth).
  1769 | D:3      | Noticed Terence
  1781 | D:3      | Killed Terence
  1803 | D:3      | 1803 ||| Stepping ~*~*~tactically~*~*~ (stealth).
  2036 | D:3      | Found a shimmering altar of Xom.
  2046 | D:3      | Found Hyrilus's General Store.
  2053 | D:3      | 2053 ||| BUYING potion of curing (30 gold).
  2053 | D:3      | Bought a potion of curing for 30 gold pieces
  2053 | D:3      | 2053 ||| BUYING potion of curing (30 gold).
  2053 | D:3      | Bought a potion of curing for 30 gold pieces
  2053 | D:3      | 2053 ||| SHOPLISTING ring of see invisible (150 gold, have
                  | 47).
  2099 | D:3      | Reached XP level 6. HP: 37/37 MP: 6/6
  2100 | D:3      | 2100 ||| READING 2 scrolls labelled ANAUHUTEJU.
  2101 | D:3      | 2101 ||| READING scroll labelled TUDYELE DUHEB.
  2102 | D:3      | 2102 ||| READING 3 scrolls labelled MABIWO AFESTEE.
  2103 | D:3      | 2103 ||| READING scroll labelled NYATOER BUE.
  2104 | D:3      | 2104 ||| DROPPING 2 scrolls of immolation.
  2147 | D:4      | 2147 ||| PLANNING SEWER
  2161 | D:4      | Found an opulent altar of Gozag.
  2167 | D:4      | 2167 ||| Stepping ~*~*~tactically~*~*~ (hiding).
  2179 | D:4      | 2179 ||| FLEEEEING.
  2182 | D:4      | 2182 ||| FLEEEEING.
  2192 | D:4      | 2192 ||| STAIRDANCE
  2373 | D:4      | 2373 ||| DRINKING 3 potions of curing.
  2373 | D:4      | 2373 ||| (to cure confusion)
  2377 | D:4      | 2377 ||| DRINKING 2 potions of curing.
  2377 | D:4      | 2377 ||| (to cure confusion)
  2387 | D:4      | 2387 ||| DRINKING potion of curing.
  2387 | D:4      | 2387 ||| (to cure confusion)
  2523 | D:4      | Noticed Edmund
  2544 | D:4      | HP: 8/38 [Edmund/+1 heavy flail (13)]
  2549 | D:4      | HP: 1/38 [Edmund/+1 heavy flail (6)]
  2550 | D:4      | Mangled by Edmund

Levels and vault maps discovered:
D:1:      psy_arrival_basics, layout_loops_ring,
          shapermc_ecumenical_altar_mp_vishouse
D:2:      layout_rooms, interstate_on_off, hangedman_decor_slide_cut,
          uniq_jessica
D:3:      layout_rooms, led_xom_imps, serial_shops, shop, st_stairs_13,
          corexii_corridor_pit, minmay_misc_feat_pillars, uniq_terence,
          uniq_ijyb
D:4:      layout_basic, grunt_temple_overflow_open,
          mainiacjoe_overflow_concentric_impassable, gup_sewer_entry_spiral,
          grunt_decor_cap, minmay_misc_feat_chi, uniq_pikel, uniq_edmund

Skill      XL: |  1  2  3  4  5  6 |
---------------+-------------------+-----
Axes           | 2 3 4 5 |  5.1
Shields        | 4 5 |  5.0
Fighting       | 4 |  4.1
Armour         | |  3.2

Action                     |  1- 3 |  4- 6 || total
---------------------------+-------+-------++-------
  Melee: War axe           |   148 |   179 ||   327
    Use: Scroll            |     3 |     4 ||     7
         Potion            |       |     3 ||     3
 Armour: Scale mail        |    61 |     6 ||    67
         Chain mail        |       |    89 ||    89
  Dodge: Dodged            |    81 |    39 ||   120
  Block: Buckler           |     8 |       ||     8
         Kite shield       |    40 |    69 ||   109

Table legend:
 A = Non-vault XP
 B = Vault XP
 C = Vault XP percentage of total XP
 D = Non-vault monster count
 E = Vault monster count
 F = Vault count percentage of total count
                 A         B        C        D         E       F
            +---------+---------+-------+---------+---------+-------
      Total |     304 |     254 |  45.5 |      79 |       9 |  10.2
            +---------+---------+-------+---------+---------+-------
        D:1 |      46 |       0 |   0.0 |      25 |       0 |   0.0
        D:2 |      58 |      37 |  38.9 |      22 |       1 |   4.3
        D:3 |      96 |     216 |  69.2 |      21 |       7 |  25.0
        D:4 |     104 |       1 |   1.0 |      11 |       1 |   8.3
            +---------+---------+-------+---------+---------+-------
